 Dungeon Crawl Stone Soup version 0.28.0-1-gb440e238dd (webtiles) character file.

Game seed: 2432900445889051523

205 Descartes the Grasshopper (level 5, -3/24 HPs)
             Began as a Felid Warper on Feb 27, 2022.
             Was an Initiate of Gozag.
             Slain by a gnoll (4 damage)
             ... on level 4 of the Dungeon.
             The game lasted 00:10:54 (7230 turns).

Descartes the Grasshopper (Felid Warper)            Turns: 7230, Time: 00:10:55

Health: -3/24      AC:  1    Str:  9    XL:     5   Next: 53%
Magic:  10/10      EV: 18    Int: 15    God:    Gozag
Gold:   110        SH:  5    Dex: 15    Spells: 4/9 levels left
                                        Lives:  0   Deaths: 1

rFire   . . .      SeeInvis +     - Unarmed
rCold   . . .      Faith    .   (shield unavailable)
rNeg    . . .      Spirit   .   (armour unavailable)
rPois   .          Reflect  +   (helmet unavailable)
rElec   .          Harm     .   (cloak unavailable)
rCorr   .          Rampage  .   (gloves unavailable)
Will    .....                   (boots unavailable)
Stlth   ++........              h - amulet of reflection
HPRegen 0.08/turn               (no ring)
MPRegen 0.12/turn               (no ring)

@: quick
A: very small, claws 1, fangs 3, see invisible, speed 1, shaggy fur 1, stealthy
paws, no weapons or thrown items, no armour, multi-lived
a: Renounce Religion, Potion Petition, Call Merchant, Bribe Branch


You were on level 4 of the Dungeon.
You worshipped Gozag.
Gozag was aware of your devotion.
You visited 2 branches of the dungeon, and saw 5 of its levels.

You collected 183 gold pieces.
You paid 73 gold pieces to Gozag.

Inventory:

Missiles
 e - 143 stones
Jewellery
 h - an amulet of reflection (around neck)
Scrolls
 a - 2 scrolls of blinking
 b - 3 scrolls of fog {unknown}
 c - 2 scrolls of enchant weapon {unknown}
 d - 6 scrolls of identify {unknown}
 g - 3 scrolls of teleportation {unknown}
 i - a scroll of holy word {unknown}
Potions
 f - a potion of attraction {unknown}
 j - 2 potions of flight {unknown}
 k - a potion of lignification {unknown}
 l - a potion of might {unknown}
 m - a potion of curing


   Skills:
 + Level 3.2 Fighting
 + Level 4.3 Dodging
 + Level 2.8 Stealth
 + Level 3.0 Unarmed Combat
 + Level 2.8 Spellcasting
 + Level 2.5 Hexes
 + Level 5.5 Translocations
 + Level 1.7 Transmutations


You had 4 spell levels left.
You knew the following spells:

 Your Spells              Type           Power      Damage    Failure   Level
a - Blink                 Tloc           36%        N/A       3%          2
b - Confusing Touch       Hex            9%         N/A       22%         3

Your spell library contained the following spells:

 Spells                   Type           Power      Damage    Failure   Level
 Gell's Gravitas          Tloc           18%        N/A       6%          3
 Lesser Beckoning         Tloc           18%        N/A       6%          3
 Teleport Other           Tloc           18%        N/A       6%          3
 Manifold Assault         Tloc           18%        N/A       50%         5
 Yara's Violent Unravell  Hex/Tmut       4%         3d4       93%         5
 Enfeeble                 Hex            4%         N/A       100%        7


Dungeon Overview and Level Annotations

Branches:
Dungeon (4/15)             Temple (1/1) D:4

Altars:
Ashenzari
Cheibriados
Elyvilon
Fedhas
Gozag
Okawaru
Uskayaw
Vehumet
Wu Jian

Shops:
D:1 :

Annotations:
D:1 Terence
D:4 exclusion: door


Innate Abilities, Weirdness & Mutations

You have sharp claws.
You have razor-sharp teeth.
You have supernaturally acute eyesight. (SInv)
You cover ground quickly. (Speed+)
You are covered in fur. (AC +1)
Your paws help you pounce on unaware monsters.
You are incapable of wielding weapons or throwing items.
You cannot wear armour.
You gain extra lives every three experience levels.


Message History

Items here: ))) [.
Items here: ))) [.
Okay, then.
There is a stone staircase leading up here.
You climb upwards.
There is a stone staircase leading down here.
HP restored.
Things that are here:
a +0 chain mail; a +0 hand axe
There is a stone staircase leading down here.
You climb downwards.
Level annotation: exclusion: door
There is a stone staircase leading up here.
The orc shouts!
You hear a shout!
Items here: ))) [.
The gnoll shouts!
A gnoll is nearby!
The gnoll throws a throwing net.
The throwing net barely misses you.
An orc comes into view. It is wielding a +0 short sword.
The orc shouts!
You scratch the gnoll.
The gnoll is moderately wounded.
You block the gnoll's attack.
You closely miss the gnoll.
The gnoll is moderately wounded.
The gnoll hits you with a +0 spear!
You barely miss the gnoll.
The gnoll is moderately wounded.
The gnoll completely misses you.
You scratch the gnoll but do no damage. You bite the gnoll.
The gnoll is heavily wounded.
The gnoll hits you with a +0 spear.
You are too injured to fight recklessly!
You barely miss the gnoll.
The gnoll is heavily wounded.
The gnoll hits you with a +0 spear!
* * * LOW HITPOINT WARNING * * *
The gnoll hits you from afar with a +0 spear.
You die...
Your body crumbles into a pile of gold.

#....### #.≈≈≈.. '....g.
#o#.≈≈≈.. #....# #'###≈≈..
########''''#############o..#≈≈P.
........................#...#≈≈..
≈≈≈≈≈≈≈≈....≈≈≈≈≈≈≈≈≈≈≈≈#####≈≈..
≈≈≈≈≈≈≈≈....o≈≈≈≈≈≈≈≈≈≈≈≈≈≈≈≈≈≈..
≈≈≈≈≈≈≈≈....≈≈≈≈≈≈≈≈≈≈≈≈≈≈≈≈≈≈≈..
....(...).....g.@....(...........
.######...........#########...##.
## #.########.## #....#.. # #.#
#### #...#... #.# #.# ##.....##
###.### #.## ##...<..## #######
##.#####...###..#
######⌠.⌠####### #.......### ##.#
.....'.>.'.....# #......## ##.


You could see a gnoll and an orc.

Vanquished Creatures
  A scorpion (D:4)
  A hound (D:3)
  A gnoll shaman (D:4)
  Natasha (thrice) (D:1)
  3 adders
  3 gnolls
  2 dart slugs
  5 orcs
  6 ball pythons
  6 endoplasms
  4 giant cockroaches
  5 goblins
  6 hobgoblins
  11 jackals
  2 kobolds
  2 quokkas
  6 bats
  A frilled lizard (D:1)
  5 rats
73 creatures vanquished.

Vanquished Creatures (others)
  A fungus (D:4)
  3 plants (D:4)
4 creatures vanquished.

Grand Total: 77 creatures vanquished

Notes
Turn   | Place    | Note
-------+----------+-------------------------------------------
     0 | D:1      | Descartes the Felid Warper began the quest for the Orb.
     0 | D:1      | Reached XP level 1. HP: 9/9 MP: 4/4
   202 | D:1      | Reached XP level 2. HP: 13/13 MP: 6/6
   496 | D:1      | Reached skill level 1 in Stealth
   626 | D:1      | Found Coryicij's Book Boutique.
   909 | D:1      | Reached XP level 3. HP: 14/16 MP: 7/7
   937 | D:1      | Learned a level 2 spell: Blink
   941 | D:1      | Learned a level 3 spell: Confusing Touch
  1439 | D:2      | Noticed Natasha
  1750 | D:1      | Killed Natasha
  1751 | D:1      | Reached XP level 4. HP: 14/20 MP: 8/8
  1867 | D:2      | Reached skill level 1 in Hexes
  2264 | D:2      | Noticed Terence
  2361 | D:2      | Reached skill level 5 in Translocations
  2581 | D:1      | Noticed Natasha
  2600 | D:1      | Killed Natasha
  2735 | D:1      | Noticed Natasha
  2743 | D:1      | HP: 1/20 [Natasha (2)]
  2748 | D:1      | Killed Natasha
  2749 | D:1      | Reached skill level 1 in Transmutations
  2749 | D:1      | Reached XP level 5. HP: 2/24 MP: 9/9
  3613 | D:3      | Found a faded altar of an unknown god.
  5558 | D:4      | Noticed a steam dragon
  5835 | D:4      | Slain by a gnoll sergeant
  5836 | D:4      | Reached XP level 4. HP: -4/21 MP: 9/9
  6220 | D:3      | Reached XP level 5. HP: 10/24 MP: 10/10
  6469 | D:4      | Found a staircase to the Ecumenical Temple.
  6474 | Temple   | Entered the Ecumenical Temple
  6544 | Temple   | Became a worshipper of Gozag Ym Sagoz the Greedy
  7229 | D:4      | HP: 1/24 [gnoll (10)]
  7230 | D:4      | Slain by a gnoll

Illustrated notes

Levels and vault maps discovered:
D:1:      roderic_octagonal_star, layout_basic, serial_shops, shop,
          minmay_small_reverse_x
D:2:      layout_basic, uniq_terence, uniq_natasha
D:3:      layout_basic, chequers_ecumenical_altar_simple
D:4:      lemuel_castle_with_subvaults [lemuel_castle_interior_original],
          layout_layer_cave, temple_doors_e, grunt_tough_drop
Temple:   jpeg_temple_clearing

Skill      XL: |  1  2  3  4  5 |
---------------+----------------+-----
Stealth        | 1 2 |  2.8
Hexes          | 1 2 |  2.5
Translocations | 5 |  5.5
Dodging        | 4 |  4.3
Transmutations | 1 |  1.7
Fighting       | 3 |  3.2
Unarmed Combat | 3 |  3.0
Spellcasting   | |  2.8

Action                   |  1- 3 |  4- 6 || total
-------------------------+-------+-------++-------
Melee: Unarmed           |   107 |   248 ||   355
       Bite              |     6 |    34 ||    40
       Punch             |     2 |     9 ||    11
 Stab: Sleeping          |     1 |     2 ||     3
Armor: Skin              |    10 |    10 ||    20
Dodge: Dodged            |    91 |   197 ||   288
Block: Other             |       |    58 ||    58
